 Dungeon Crawl Stone Soup version 0.28-a0-863-g8cecda6153 (webtiles) character file.

Game seed: 5631316116487882139

2333 mcbry74 the Spear-Bearer (level 9, 0/64 HPs)
             Began as a Merfolk Gladiator on Nov 18, 2021.
             Was a Follower of Wu Jian.
             Slain by a hornet (4 damage)
             ... on level 7 of the Dungeon.
             The game lasted 00:33:05 (9720 turns).

mcbry74 the Spear-Bearer (Merfolk Gladiator)        Turns: 9720, Time: 00:33:06

Health: 0/64       AC: 13    Str: 16    XL:     9   Next: 42%
Magic:  0/9        EV: 16    Int:  9    God:    Wu Jian [*.....]
Gold:   416        SH:  0    Dex: 15    Spells: 8/8 levels left

rFire   . . .      SeeInvis .   A - +1 trident (protect)
rCold   . . .      Faith    .   (no shield)
rNeg    . . .      Spirit   +   b - +0 leather armour
rPois   .          Reflect  .   c - +0 helmet
rElec   .          Harm     .   (no cloak)
rCorr   .          Rampage  .   H - +0 pair of gloves
Will    .....                   o - +0 pair of boots
Stlth   +.........              f - amulet of guardian spirit
HPRegen 0.20/turn               (no ring)
MPRegen 0.11/turn               (no ring)

@: lethally poisoned (0 -> -4), about to teleport, under a protective aura,
slowed, very slow
A: (nimble swimmer 2), mertail
a: Renounce Religion


You were on level 7 of the Dungeon.
You worshipped Wu Jian.
Wu Jian was aware of your devotion.
You visited 2 branches of the dungeon, and saw 9 of its levels.
You also visited: Sewer.

You collected 416 gold pieces.

Inventory:

Hand Weapons
 a - a +0 trident
 A - a +1 trident of protection (weapon)
Missiles
 d - 3 throwing nets
 n - 27 poisoned darts
 y - 7 boomerangs (quivered)
Armour
 b - a +0 leather armour (worn)
 c - a +0 helmet (worn)
 h - a +0 helmet
 k - a +0 helmet
 o - a +0 pair of boots (worn)
 H - a +0 pair of gloves (worn)
Jewellery
 f - an amulet of guardian spirit (around neck)
 l - a ring of ice
Wands
 C - a wand of paralysis (13)
 G - a wand of mindburst (35)
Scrolls
 e - a scroll of summoning {unknown}
 g - 4 scrolls of identify {unknown}
 p - a scroll of torment {unknown}
 r - 2 scrolls of immolation {unknown}
 s - a scroll of fear {unknown}
 u - a scroll of blinking {unknown}
 v - a scroll of brand weapon {unknown}
 w - a scroll of enchant armour {unknown}
 B - 3 scrolls of amnesia {unknown}
 F - a scroll of noise {unknown}
Potions
 i - 3 potions of curing
 m - a potion of magic
 q - 2 potions of flight {unknown}
 t - a potion of invisibility {unknown}
 x - a potion of haste {unknown}
 z - a potion of mutation {unknown}
 D - 2 potions of heal wounds
 E - a potion of might {unknown}


   Skills:
 + Level 3.4 Fighting
 + Level 13.7 Polearms
 + Level 3.2 Throwing
 + Level 9.6 Dodging
 + Level 2.2 Evocations


You had 8 spell levels left.
You didn't know any spells.
Your spell library contained the following spells:

 Spells                   Type           Power      Damage    Failure   Level
 Conjure Flame            Conj/Fire      0%         6-21      83%         3
 Ignite Poison            Fire/Tmut/Pois 0%         N/A       83%         3
 Spider Form              Tmut/Pois      0%         N/A       83%         3
 Sticky Flame             Conj/Fire      0%         2d3       99%         4
 Storm Form               Tmut/Air       0%         N/A       100%        7


Dungeon Overview and Level Annotations

Branches:
Dungeon (8/15)             Temple (1/1) D:6           Sewer (visited)
   Lair: D:8-11

Altars:
Ashenzari
Cheibriados
Elyvilon
Fedhas
Gozag
Hepliaklqana
Kikubaaqudgha
Makhleb
Nemelex Xobeh
Okawaru
Qazlal
Ru
Sif Muna
Trog
Uskayaw
Vehumet
Wu Jian
Xom
Yredelemnul
Zin
The Shining One

Shops:
D:2 :   D:6 *

Annotations:
D:7 3 runed translucent doors, Samaell's ghost, novice TrFi; t4s4d4r's ghost, novice OpTm
D:8 Maggie


Innate Abilities, Weirdness & Mutations

((You are quick and stealthy near water. (Stealth+, EV+, Speed+++)))
Your lower body shifts to a powerful aquatic tail in water.


Message History

The hornet stings you but does no damage.
You barely miss the hornet.
The hornet is lightly wounded.
You feel sick. The hornet barely misses you.
You closely miss the hornet.
The hornet is lightly wounded.
You feel sick. The hornet completely misses you.
The kobold completely misses you. The hornet misses you.
You closely miss the hornet.
The hornet is lightly wounded.
You feel sick.
The hornet stings you but does no damage.
The kobold hits you but does no damage.
You hit the hornet.
The hornet is moderately wounded.
You feel sick.
The hornet stings you but does no damage.
The kobold hits you but does no damage.
You hit the hornet.
The hornet is heavily wounded.
You feel sick. The hornet stings you!
* * * LOW HITPOINT WARNING * * *
You suddenly lose the ability to move!
The hornet stings you.
* * * LOW HITPOINT WARNING * * *
You are more poisoned.
You feel as though you will be slow longer.
The kobold hits you but does no damage.
You feel very sick. The hornet barely misses you.
The kobold hits you but does no damage.
You can move again.
As you read the scroll of teleportation, it crumbles to dust.
You feel strangely unstable.
You feel sick.
The hornet stings you but does no damage.
The hornet closely misses you. The kobold closely misses you.
The kobold hits you but does no damage. The hornet stings you!
* * * LOW HITPOINT WARNING * * *
You feel as though you will be slow longer.
* * * LOW HITPOINT WARNING * * *
You feel sick. The hornet stings you.
You die...

.................................
.................................
..(...####.......................
......# #.........#.............
.....[####.........#.............
......#.)....K)>K................
.........(....(###...............
......#.##.#..Ky.#...............
...##.........K#@####............
...##...............#............
##..................##...#####...
##.........<........##..........#
............#....................
....................##..........#
.......###..........###.........#
.....................###.....<..#
........##...#..................#


You could see a hornet, a kobold brigand and a kobold.

Vanquished Creatures
  A steam dragon (D:6)
  Pargi (Sewer)
  A sky beast (D:5)
  An ice beast (D:4)
  An ogre (D:4)
  A necrophage (D:7)
  7 centaurs
  A kobold brigand (D:6)
  A phantom (D:4)
  A wyvern zombie (D:6)
  3 scorpions
  A killer bee (D:4)
  5 wights (D:7)
  2 centaur zombies
  2 hounds
  An orc priest (D:5)
  A centaur skeleton (D:6)
  5 iguanas
  3 orc wizards (D:4)
  A river rat (D:3)
  7 adders
  An ufetubus (D:5)
  2 adder skeletons
  A worm (D:4)
  15 orcs
  7 bats
  3 endoplasms
  2 giant cockroaches
  3 goblins
  3 hobgoblins
  4 jackals
  9 kobolds
  2 quokkas (D:3)
  8 ball pythons
  A ball python skeleton (D:3)
  7 frilled lizards
  A giant cockroach zombie (D:3)
  A jackal skeleton (D:3)
  A quokka zombie (D:3)
  2 rats (D:3)
120 creatures vanquished.

Vanquished Creatures (others)
  An endoplasm (D:1)
  4 withered plants (D:7)
5 creatures vanquished.

Grand Total: 125 creatures vanquished

Notes
Turn   | Place    | Note
-------+----------+-------------------------------------------
     0 | D:1      | mcbry74 the Merfolk Gladiator began the quest for the Orb.
     0 | D:1      | Reached XP level 1. HP: 16/16 MP: 1/1
   291 | D:1      | Reached skill level 5 in Polearms
   291 | D:1      | Reached XP level 2. HP: 20/22 MP: 2/2
   449 | D:1      | Found a faded altar of an unknown god.
  1239 | D:2      | Reached XP level 3. HP: 5/27 MP: 1/3
  1408 | D:2      | Found Amukad's Book Boutique.
  1931 | D:3      | Reached skill level 6 in Polearms
  2026 | D:3      | Got the Tome of Air and Toxins
  2086 | D:3      | Reached XP level 4. HP: 33/33 MP: 4/4
  2425 | D:3      | Reached skill level 5 in Dodging
  2647 | D:4      | Noticed an ogre
  2648 | D:4      | Found a glowing drain.
  2662 | D:3      | Reached skill level 7 in Polearms
  2698 | D:4      | Noticed an ice beast
  2722 | D:4      | Killed an ice beast
  2723 | D:4      | Reached XP level 5. HP: 28/38 MP: 5/5
  2839 | Sewer    | Entered a sewer
  2896 | Sewer    | Noticed Pargi
  2929 | Sewer    | Killed Pargi
  2930 | Sewer    | Reached skill level 8 in Polearms
  2930 | Sewer    | Reached XP level 6. HP: 35/44 MP: 4/6
  3210 | D:4      | Reached skill level 9 in Polearms
  3524 | D:4      | Reached XP level 7. HP: 50/50 MP: 7/7
  4007 | D:4      | Reached skill level 10 in Polearms
  4422 | D:5      | Entered Level 5 of the Dungeon
  5099 | D:4      | Reached skill level 11 in Polearms
  5174 | D:5      | Found a white marble altar of Elyvilon.
  5343 | D:5      | Reached XP level 8. HP: 43/56 MP: 6/8
  5686 | D:5      | Found a burning altar of Makhleb.
  6176 | D:6      | Found a blossoming altar of Fedhas.
  6229 | D:6      | Reached skill level 12 in Polearms
  6412 | D:6      | Found Fud Igof's General Store.
  6875 | D:6      | Found a staircase to the Ecumenical Temple.
  6884 | Temple   | Entered the Ecumenical Temple
  7279 | Temple   | Became a worshipper of the Wu Jian Council
  7563 | D:6      | Reached skill level 13 in Polearms
  7865 | D:6      | Reached XP level 9. HP: 45/62 MP: 6/9
  8128 | D:7      | Reached skill level 1 in Evocations
  8601 | D:7      | Found a runed translucent gate.
  8601 | D:7      | Found a runed translucent gate.
  8601 | D:7      | Found a runed translucent gate.
  8602 | D:7      | Noticed t4s4d4r's ghost (novice OpTm)
  8603 | D:7      | Noticed Samaell's ghost (novice TrFi)
  8603 | D:7      | Noticed t4s4d4r's ghost (novice OpTm)
  9627 | D:7      | Reached * piety under Wu Jian
  9706 | D:8      | Noticed a hornet
  9706 | D:8      | Noticed Maggie
  9709 | D:7      | Paralysed by a hornet for 1 turns
  9717 | D:7      | Paralysed by a hornet for 1 turns
  9720 | D:7      | Slain by a hornet

Illustrated notes

Levels and vault maps discovered:
D:1:      psy_arrival_basics, layout_rooms, chequers_ecumenical_altar_lobes,
          lemuel_flame_loot_1
D:2:      layout_basic, serial_shops, nicolae_lakefront_shop
D:3:      layout_basic, serial_undead, serial_undead_d, serial_undead_c,
          serial_undead_f, serial_undead_e, serial_undead_d, serial_undead_a,
          serial_undead_b
D:4:      layout_cave_pools, cheibrodos_sewer_entry_sluice,
          ebering_dispersal_statue_hall
D:5:      layout_basic, minmay_hedge_maze, hangedman_decor_growths,
          hangedman_feature_mirror
D:6:      layout_basic, amcnicky_altar_gilded, minmay_temple_entry_poolview,
          serial_shops, shop, hangedman_decor_lopped,
          hangedman_abyss_or_decor_passed
D:7:      layout_basic, gammafunk_ghost_cemetery
D:8:      layout_rooms, serial_shops, nicolae_shop_advertising_works
          [nicolae_subvault_shop_adworks], uniq_grum, uniq_prince_ribbit1,
          uniq_maggie
Temple:   mainiacjoe_temple_big_plus

Skill      XL: |  1  2  3  4  5  6  7  8  9 |
---------------+----------------------------+-----
Polearms       | 5 6 7 8 9 11 13 | 13.7
Dodging        | 5 6 7 9 |  9.6
Evocations     | 2 |  2.2
Fighting       | 3 |  3.4
Throwing       | 3 |  3.2

Action                   |  1- 3 |  4- 6 |  7- 9 || total
-------------------------+-------+-------+-------++-------
Melee: Trident           |   113 |   127 |   360 ||   600
       Tailslap          |       |     3 |       ||     3
Throw: Dart              |     2 |       |     7 ||     9
       Boomerang         |       |       |     4 ||     4
Invok: Lunge             |       |       |     6 ||     6
  Use: Potion            |     1 |       |     4 ||     5
       Scroll            |       |     1 |     2 ||     3
 Stab: Sleeping          |     2 |     3 |     2 ||     7
Armor: Leather armour    |    25 |    29 |   108 ||   162
Dodge: Dodged            |    48 |    95 |   230 ||   373

Table legend: (Time is in decaauts)
 A = Elapsed time spent in this place.
 B = Non-inter-level travel time spent in this place.
 C = Inter-level travel time spent in this place.
 D = Time resting spent in this place.
 E = Time spent auto-exploring this place.
 F = Levels seen in this place.
 G = Mean time per level.
                   A        B        C        D        E       F      G
               +--------+--------+--------+--------+--------+-----+--------+
         Total |   9550 |   9344 |    206 |   2781 |   4924 |  10 |  955.0 |
       Dungeon |   8878 |   8701 |    177 |   2721 |   4453 |   8 | 1109.8 |
        Temple |    425 |    396 |     29 |      0 |    386 |   1 |  425.0 |
         Sewer |    246 |    246 |      0 |     60 |     84 |   1 |  246.0 |
               +--------+--------+--------+--------+--------+-----+--------+

Top non-repeatable levels by time:
     D:4: 1717 daAuts
     D:7: 1656 daAuts
     D:3: 1410 daAuts
     D:6: 1409 daAuts
     D:5: 1142 daAuts
     D:2: 973 daAuts
     D:1: 563 daAuts
  Temple: 425 daAuts
   Sewer: 246 daAuts
     D:8: 6 daAuts
